 Dungeon Crawl Stone Soup version 0.29.1-1-gd02db6906a (webtiles) character file.

Game seed: 14109479941502295404

736 101zpm the Magician (level 8, 0/51 HPs)
             Began as a Djinni Air Elementalist on Oct 3, 2022.
             Shot with an arrow by a centaur (12 damage)
             ... on level 5 of the Dungeon.
             The game lasted 00:12:53 (5475 turns).

101zpm the Magician (Djinni Air Elementalist)       Turns: 5475, Time: 00:12:53

Health: 0/51       AC:  2    Str:  7    XL:     8   Next: 4%
Gold:   295        EV: 12    Int: 20    God:
                   SH:  0    Dex: 13

rFire   + + .      SeeInvis .   b - +0 spear
rCold   x . .      Faith    .   (no shield)
rNeg    . . .      Spirit   .   a - +0 robe
rPois   ∞          Reflect  .   (no helmet)
rElec   .          Harm     .   (no cloak)
rCorr   .          Rampage  .   (no gloves)
Will    .....                   (boots unavailable)
Stlth   ++........              (no amulet)
HPRegen 0.17/turn               (no ring)
MPRegen 0.00/turn               (no ring)

@: swift, flying, quick
A: sickness immunity, fire resistance 2, cold vulnerability 1, float, innate
caster, HP casting, extra vitality 1
a: no special abilities


You were on level 5 of the Dungeon.
You visited 1 branch of the dungeon, and saw 6 of its levels.

You collected 295 gold pieces.

Inventory:

Hand Weapons
 b - a +0 spear (weapon)
Missiles
 p - a throwing net
Armour
 a - a +0 robe (worn)
Jewellery
 l - a +6 ring of dexterity
Wands
 h - a wand of flame (17)
Scrolls
 d - a scroll of enchant armour
 e - 3 scrolls of poison
 g - a scroll of butterflies
 i - a scroll of torment
 j - a scroll of enchant weapon {unknown}
 m - 2 scrolls of amnesia
 n - a scroll of teleportation {unknown}
 o - a scroll of immolation {unknown}
 s - 4 scrolls of identify
Potions
 c - a potion of haste {unknown}
 f - 2 potions of magic {unknown}
 k - 2 potions of curing {unknown}
 q - a potion of brilliance {unknown}
 r - a potion of lignification {unknown}


   Skills:
 + Level 0.3 Fighting
 + Level 2.6 Dodging
 + Level 2.7 Stealth
 + Level 6.4 Spellcasting


You had 4 spell levels left.
You knew the following spells:

 Your Spells              Type           Power      Damage    Failure   Level
a - Shock                 Conj/Air       100%       1d9       1%          1
b - Static Discharge      Conj/Air       32%        3-7/arc   1%          2
c - Swiftness             Air            32%        N/A       2%          3
d - Airstrike             Air            16%        2d(3-19)  7%          4
e - Necrotise             Necr           100%       1d9       1%          1
f - Scorch                Fire           64%        2d8       1%          2
g - Blink                 Tloc           64%        N/A       1%          2
Your spell library was empty.

Dungeon Overview and Level Annotations

Branches:
Dungeon (6/15)
 Temple: D:4-7

Altars:
Hepliaklqana

Shops:
D:1 (??*?   D:4 ?   D:5 (:


Innate Abilities, Weirdness & Mutations

You are immune to sickness and miasma.
You are immune to poison.
Your flesh is very heat resistant. (rF++)
You are vulnerable to cold. (rC-)
You float through the air rather than walking.
You learn spells naturally, not from books.
Your magical power is your life essence.
You have superior vitality. (+4 MHP)


Message History

Confirm with . or Enter, or press ? or * to list all spells.
Flames lash the ogre.
The ogre is burned terribly!
The ogre is heavily wounded.
Aiming: Shock (safe; 1% risk of failure)
Press: ? - help, Q - select action, (/) - cycle Shift-Dir - straight line
Okay, then.
Casting: Shock (safe; 1% risk of failure)
Confirm with . or Enter, or press ? or * to list all spells.
Flames lash the ogre.
The ogre is burned terribly!
The ogre is severely wounded.
The ogre barely misses you.
Casting: Scorch (safe; 1% risk of failure)
Confirm with . or Enter, or press ? or * to list all spells.
Flames lash the ogre.
The ogre is burned terribly!
You kill the ogre!
You have reached level 8!
You feel clever.
A centaur is nearby!
The zap hits the centaur.
The centaur is lightly wounded.
The zap hits the centaur.
The centaur is moderately wounded.
The centaur zaps a wand.
The puff of flame misses you.
The centaur unwields a +0 short sword.
The centaur wields a +0 shortbow.
The centaur shoots an arrow.
The arrow hits you!
The centaur shoots an arrow.
The arrow closely misses you.
The centaur zaps a wand.
The puff of flame hits you. You resist.
The centaur shoots an arrow.
The arrow closely misses you.
The centaur zaps a wand.
The puff of flame misses you.
The centaur zaps a wand.
The puff of flame hits you. You resist.
The centaur zaps a wand.
The puff of flame misses you.
Casting: Shock (safe; 1% risk of failure)
Confirm with . or Enter, or press ? or * to list all spells.
You feel quick.
The centaur shoots an arrow.
The arrow hits you!
* * * LOW HITPOINT WARNING * * *
Things that are here:
a +0 leather armour; a +0 falchion The centaur shoots an arrow.
The arrow hits you!
You die...

####
##########.......####
### #.#########.# ###
####.####.# #.# #.#
#.###.###.## #.#
##.###.##.##.##.# #.#
#.#.#.#.#.#.#.#.## #.#
.#..#..#..#c.#...#
###.##
#...#...#...#..[###
#....#
)...#.c..#....#)@.#
#.####
.#.....#.....#....# #.#
....#......#......###.#
#.......#.......#.....#
.................######
#.......#####.####
#######.......#
#######.# #.#


You could see a centaur.

Vanquished Creatures
  3 ogres
  2 phantoms
  A scorpion (D:5)
  A howler monkey (D:5)
  An orc priest (D:3)
  Terence (D:2)
  An iguana (D:5)
  3 adders
  A shadow imp (D:6)
  A worm (D:4)
  5 dart slugs
  9 orcs
  12 bats
  8 endoplasms
  3 giant cockroaches
  10 hobgoblins
  5 jackals (D:4)
  10 kobolds
  4 quokkas (D:2)
  5 ball pythons
  2 frilled lizards (D:1)
  7 goblins
  4 rats
99 creatures vanquished.

Vanquished Creatures (others)
  A fungus (D:3)
1 creature vanquished.

Grand Total: 100 creatures vanquished

Notes
Turn   | Place    | Note
-------+----------+-------------------------------------------
     0 | D:1      | 101zpm the Djinni Air Elementalist began the quest for the
                  | Orb.
     0 | D:1      | 101zpm set off with the following spells memorised: Shock,
                  | Static Discharge, Swiftness, Airstrike.
     0 | D:1      | Reached XP level 1. HP: 15/15 MP: 0/0
    51 | D:1      | Found Sesiann's Magic Scroll Shoppe.
   290 | D:2      | Reached XP level 2. HP: 16/21 MP: 0/0
   413 | D:2      | Noticed Terence
   651 | D:1      | Found Padeunle's General Store.
   819 | D:1      | Reached skill level 3 in Spellcasting
   957 | D:1      | Reached XP level 3. HP: 24/25 MP: 0/0
   957 | D:1      | Learned a level 1 spell: Necrotise
  1021 | D:1      | Found Iwnaedde's Magic Scroll Shop.
  1069 | D:1      | Found Nudyah's Antique Weapon Shop.
  1244 | D:1      | Found Zeref's Magic Scroll Boutique.
  1794 | D:2      | Found a hazy altar of Hepliaklqana.
  2135 | D:2      | Reached XP level 4. HP: 30/31 MP: 0/0
  2364 | D:2      | Killed Terence
  3197 | D:3      | Found a faded altar of an unknown god.
  3234 | D:3      | Reached skill level 4 in Spellcasting
  3234 | D:3      | Reached XP level 5. HP: 34/35 MP: 0/0
  3234 | D:3      | Learned a level 2 spell: Scorch
  3520 | D:4      | Noticed a phantom
  3526 | D:4      | Killed a phantom
  3527 | D:4      | Reached XP level 6. HP: 30/40 MP: 0/0
  3697 | D:4      | Found Faheluk's Magic Scroll Shoppe.
  3839 | D:5      | Entered Level 5 of the Dungeon
  3917 | D:5      | Reached skill level 5 in Spellcasting
  4080 | D:5      | Noticed an ogre
  4299 | D:5      | Found Beuluzit's Book Shoppe.
  4349 | D:5      | Reached XP level 7. HP: 32/45 MP: 0/0
  4349 | D:5      | Learned a level 2 spell: Blink
  4521 | D:5      | Found Yriurrecs's Antique Weapon Shop.
  5386 | D:5      | Reached skill level 6 in Spellcasting
  5402 | D:5      | Reached XP level 8. HP: 32/51 MP: 0/0
  5475 | D:5      | Shot with an arrow by a centaur

Illustrated notes

Levels and vault maps discovered:
D:1:      dpeg_arrival_rhombi, layout_loops_ring, serial_shops,
          nicolae_diamond_shop, nicolae_shop_advertising_works
          [nicolae_subvault_shop_adworks], shop, shop, shop
D:2:      layout_loops_ring, basic_altar, kennysheep_generic_room_9,
          uniq_terence
D:3:      layout_basic, shapermc_ecumenical_altar_ellora, grunt_ministairs_10
D:4:      layout_rooms, serial_shops, nicolae_shop_crystal
D:5:      cheibrodos_helix_gallery, layout_basic,
          nicolae_kikubaaqudgha_miasma_corner,
          minmay_temple_entry_statues_pillars, serial_shops,
          nicolae_shop_crystal, nicolae_shop_waterfront, nicolae_shop_crystal,
          minmay_increasing_density
D:6:      layout_cave_pools, serial_column_ruins, column_ruins_square_large,
          column_ruins_open_small, column_ruins_open_tiny, column_ruins_grid_3,
          column_ruins_columns_straight, column_ruins_grid_3,
          column_ruins_columns_straight, gammafunk_ghost_cemetery,
          enter_ossuary_5

Skill      XL: |  1  2  3  4  5  6  7 |
---------------+----------------------+-----
Spellcasting   | 3 4 5 6 |  6.4
Stealth        | 2 |  2.7
Fighting       | |  0.3
Dodging        | |  2.6

Action                   |  1- 3 |  4- 6 |  7- 9 || total
-------------------------+-------+-------+-------++-------
Melee: Spear             |       |     1 |       ||     1
 Cast: Shock             |    80 |   103 |    30 ||   213
       Scorch            |       |     8 |    10 ||    18
       Swiftness         |       |       |     1 ||     1
  Use: Scroll            |       |       |     5 ||     5
Armor: Robe              |     3 |     6 |       ||     9
Dodge: Dodged            |     4 |    10 |     7 ||    21
